 Dungeon Crawl Stone Soup version 0.29.1-12-g30fa7ad0bf (webtiles) character file.

Game seed: 6021068572137118720

5 shoemetal68 the Chopper (level 1, 0/19 HPs)
             Began as a Hill Orc Cinder Acolyte on Dec 17, 2022.
             Was a High Priest of Ignis.
             Slain by a jackal (1 damage)
             ... on level 1 of the Dungeon.
             The game lasted 00:01:46 (143 turns).

shoemetal68 the Chopper (Hill Orc Cinder Acolyte)    Turns: 143, Time: 00:01:47

Health: 0/19       AC:  3    Str: 16    XL:     1   Next: 80%
Magic:  2/2        EV: 11    Int: 14    God:    Ignis [*****.]
Gold:   13         SH:  0    Dex:  6    Spells: 2/2 levels left

rFire   + . .      SeeInvis .   a - -1 hand axe (flame)
rCold   . . .      Faith    .   (no shield)
rNeg    . . .      Spirit   .   b - +0 robe
rPois   .          Reflect  .   (no helmet)
rElec   .          Harm     .   c - +0 cloak
rCorr   .          Rampage  .   (no gloves)
Will    .....                   (no boots)
Stlth   +.........              (no amulet)
HPRegen 0.06/turn               (no ring)
MPRegen 0.08/turn               (no ring)

@: no status effects
A: no striking features
a: Renounce Religion, Fiery Armour, Foxfire Swarm, Rising Flame


You were on level 1 of the Dungeon.
You worshipped Ignis.
Ignis was extremely pleased with you.
You visited 1 branch of the dungeon, and saw 1 of its levels.

You collected 13 gold pieces.

Inventory:

Hand Weapons
 a - a -1 hand axe of flaming (weapon)
Armour
 b - a +0 robe (worn)
 c - a +0 cloak (worn)
 d - a +0 buckler


   Skills:
 + Level 3.6 Fighting
 + Level 4.1 Axes
 + Level 1.1 Spellcasting
 + Level 3.5 Fire Magic


You had 2 spell levels left.
You didn't know any spells.
Your spell library contained the following spells:

 Spells                   Type           Power      Damage    Failure   Level
 Scorch                   Fire           20%        2d6       10%         2


Dungeon Overview and Level Annotations

Branches:
Dungeon (1/15)

Altars:


Message History

The goblin shouts!
A jackal comes into view.
The jackal barks!
A jackal comes into view.
The jackal barks!
You hit the giant cockroach but do no damage.
The giant cockroach bites you but does no damage.
You hit the giant cockroach. You burn the giant cockroach.
You kill the giant cockroach!
You hit the goblin. You burn the goblin.
You kill the goblin!
The jackal bites you but does no damage.
You closely miss the jackal. The jackal barely misses you.
You slash the jackal! You burn the jackal.
You kill the jackal!
You barely miss the jackal. You hit the endoplasm but do no damage.
The jackal bites you but does no damage.
The endoplasm hits you but does no damage.
The jackal bites you but does no damage.
Found a hand axe.
The jackal misses you.
Things that are here:
a jackal corpse; a giant cockroach corpse The jackal closely misses you.
The jackal barely misses you. The jackal attacks as you move away!
The jackal barely misses you.
The jackal bites you but does no damage.
The endoplasm attacks as you move away! The endoplasm barely misses you.
The jackal misses you. The jackal attacks as you move away!
The jackal completely misses you. The endoplasm attacks as you move away!
The endoplasm barely misses you.
You barely miss the jackal. You hit the endoplasm but do no damage.
The jackal bites you. The endoplasm freezes you.
You are frozen.
* * * LOW HITPOINT WARNING * * *
The jackal closely misses you.
You barely miss the jackal. You hit the endoplasm. You burn the endoplasm.
The jackal misses you. The endoplasm hits you.
* * * LOW HITPOINT WARNING * * *
The jackal bites you.
You die...

############
#..........#########
#............J.....#
..#.....†......h@....#
........)......).....#
#######.######......##
##..........P######....
...§§.P...........#####
..§§§≈...≈≈≈.......
≈§§§§≈...≈≈≈≈≈≈≈≈≈.
§§≈§≈§...≈≈≈≈≈≈≈≈≈≈
§§≈≈##'''##≈≈≈≈≈≈#≈


You could see an endoplasm and a jackal.

Vanquished Creatures
  An endoplasm (D:1)
  A giant cockroach (D:1)
  A goblin (D:1)
  A jackal (D:1)
4 creatures vanquished.

Vanquished Creatures (others)
  9 fungi (D:1)
  A plant (D:1)
10 creatures vanquished.

Grand Total: 14 creatures vanquished

Notes
Turn   | Place    | Note
-------+----------+-------------------------------------------
     0 | D:1      | shoemetal68 the Hill Orc Cinder Acolyte began the quest for
                  | the Orb.
     0 | D:1      | Reached XP level 1. HP: 19/19 MP: 2/2
   143 | D:1      | Slain by a jackal

Illustrated notes

Levels and vault maps discovered:
D:1:      dpeg_arrival_water_fire, layout_basic

Action                   || total
-------------------------++-------
Melee: Hand axe          ||    27
Armor: Robe              ||     7
Dodge: Dodged            ||    11
